 Dungeon Crawl Stone Soup version 0.17.1-2-g5865329 (webtiles) character file.

6755 FortyThree the Covert (level 11, -7/77 HPs)
             Began as a Halfling Assassin on Feb 9, 2016.
             Was a High Priest of Makhleb.
             Mangled by a six-headed hydra (8 damage)
             ... on level 1 of the Lair of Beasts.
             The game lasted 00:24:20 (9682 turns).

FortyThree the Covert (Halfling Assassin)           Turns: 9682, Time: 00:24:21

Health: -7/77      AC:  8    Str: 11    XL:     11   Next: 24%
Magic:  11/11      EV: 19    Int: 10    God:    Makhleb [*****.]
Gold:   637        SH:  0    Dex: 20    Spells: 0 memorised, 10 levels left

rFire  . . .     SeeInvis .     a - +1 dagger (elec)
rCold  . . .     Clarity  +     C - +2 leather armour {rPois}
rNeg   . . .     SustAt   .     (shield restricted)
rPois  +         Gourm    .     B - +2 hat
rElec  .         Spirit   .     d - +0 cloak
rCorr  .         Warding  .     (no gloves)
rMut   .         Stasis   .     (no boots)
MR     .....                    h - amulet of clarity
Stlth  +++++++...               S - ring of invisibility
                                x - ring of wizardry

@: not resistant to hostile enchantments, extremely stealthy
A: mutation resistance 1
a: Minor Destruction, Lesser Servant of Makhleb, Major Destruction, Greater
Servant of Makhleb, Renounce Religion, Evoke Invisibility


You were on level 1 of the Lair of Beasts.
You worshipped Makhleb.
Makhleb was extremely pleased with you.
You were not hungry.

You visited 2 branches of the dungeon, and saw 11 of its levels.
You also visited: Sewer.

You collected 637 gold pieces.

Inventory:

Hand Weapons
 a - a +1 dagger of electrocution (weapon)
 b - a +0 blowgun
Missiles
 e - 33 poisoned needles
Armour
 d - a +0 cloak (worn)
 B - a +2 hat (worn)
 C - a +2 leather armour of poison resistance (worn)
Jewellery
 h - an amulet of clarity (around neck)
 x - a ring of wizardry (left hand)
 S - a ring of invisibility (right hand)
Wands
 w - a wand of cold (13)
 y - a wand of slowing (12)
 A - a wand of cold (9)
 F - a wand of random effects (26)
 O - a wand of cold (9)
 P - a wand of random effects (23)
 Q - a wand of digging (14)
Scrolls
 i - a scroll of fog {unknown}
 k - 2 scrolls of teleportation
 m - 5 scrolls of identify
 o - 2 scrolls of remove curse
 v - a scroll of recharging
 G - a scroll of enchant armour {unknown}
 K - 2 scrolls of noise
 R - 2 scrolls of blinking
Potions
 c - a potion of invisibility {unknown}
 l - 4 potions of curing
 n - 5 potions of heal wounds {unknown}
 p - a potion of poison {unknown}
 q - a potion of degeneration {unknown}
 r - a potion of brilliance {unknown}
 t - 2 potions of haste {unknown}
 u - 4 potions of cure mutation {unknown}
 z - 2 potions of lignification {unknown}
 J - a potion of berserk rage {unknown}
 L - a potion of cancellation {unknown}
 M - 2 potions of flight {unknown}
Books
 E - a book of Debilitation

   Spells                             Type                      Level
   a - Corona                         Hexes                        1
   b - Slow                           Hexes                        2
   c - Gell's Gravitas                Hexes/Translocation          3
   d - Inner Flame                    Hexes/Fire                   3
   e - Cause Fear                     Hexes                        4
   f - Leda's Liquefaction            Hexes/Earth                  4
Comestibles
 f - 4 chunks of flesh
 g - 3 slices of pizza
 j - 4 meat rations
 s - 5 beef jerkies
 D - 8 bread rations


   Skills:
 + Level 7.8 Fighting
 - Level 5.0 Short Blades
 - Level 2.1 Throwing
 - Level 5.3 Armour
 - Level 5.8 Dodging
 + Level 14.1 Stealth


You had 10 spell levels left.
You didn't know any spells.

Dungeon Overview and Level Annotations

Branches:
Dungeon (10/15)            Temple (0/1) D:6            Lair (1/8) D:8
    Orc: D:9-12

Altars:
Ashenzari
Cheibriados
Elyvilon
Fedhas
Kikubaaqudgha
Makhleb
Okawaru
Qazlal
Sif Muna
Trog
Vehumet
Xom
The Shining One

Shops:
D:10 (

Annotations:
D:10 Urug


Innate Abilities, Weirdness & Mutations

You are small and have problems with some larger weapons.
You are somewhat resistant to further mutation.


Message History

The six-headed hydra closely misses you.
The six-headed hydra barely misses you. The six-headed hydra bites you.
You hit the six-headed hydra.
There is a sudden explosion of sparks!
The six-headed hydra is severely wounded.
The six-headed hydra bites you.
* * * LOW HITPOINT WARNING * * *
The six-headed hydra bites you!
* * * LOW HITPOINT WARNING * * *
The six-headed hydra misses you. The six-headed hydra bites you!
* * * LOW HITPOINT WARNING * * *
The six-headed hydra barely misses you.
The six-headed hydra closely misses you.
Drink which item? (? for menu, Esc to quit)
You feel better. The six-headed hydra bites you!
* * * LOW HITPOINT WARNING * * *
The six-headed hydra bites you.
* * * LOW HITPOINT WARNING * * *
The six-headed hydra bites you but does no damage.
The six-headed hydra bites you!
You die...

#....#............#
#....#.........#.##
#....###.##.#.#...#
##................#
#.................### .
##..................##..
##......................
##.###.####.....D.......
...#............@.......
...#.......#.......#+#..
...........+.......#
#..........#..........
#..#.......#.......#..#
#..................#..#
#..##'###..#.........P..
#.................... ..
.....##..###......


You could see a six-headed hydra.

Vanquished Creatures
  A hydra (Lair:1)
  Nergalle (Lair:1)
  A centaur skeleton (D:10)
  A komodo dragon (Lair:1)
  2 trolls (D:9)
  2 yaks (D:10)
  Eustachio (D:6)
  A spriggan (D:7)
  3 hippogriffs
  A deep elf mage (D:10)
  Menkaure (D:6)
  Purgy (Sewer)
  A porcupine (Lair:1)
  4 ogres
  An ice beast (D:5)
  A sky beast (D:7)
  3 centaurs
  3 crocodiles (Lair:1)
  5 giant frogs
  A water moccasin zombie (D:7)
  3 scorpions
  6 killer bees (D:7)
  A jelly (D:8)
  2 quasits
  An iron imp (D:9)
  2 crimson imps (D:8)
  A hound (D:8)
  3 hell rats (D:6)
  5 iguanas
  5 orc priests
  10 orc wizards
  2 worker ants (D:9)
  A killer bee zombie (D:7)
  2 worker ant zombies (D:5)
  16 adders
  11 river rats
  11 gnolls
  A shadow imp (D:6)
  An adder zombie (D:6)
  2 worms (D:5)
  2 adder skeletons
  5 giant geckos
  21 orcs
  3 ball pythons
  2 giant cockroaches (D:3)
  4 goblins (D:1)
  3 hobgoblins
  7 jackals
  10 kobolds
  A quokka (D:9)
  5 bats
  A goblin skeleton (D:9)
  A goblin zombie (D:9)
  3 hobgoblin zombies (D:9)
  A kobold skeleton (D:9)
  2 kobold zombies (D:9)
  3 orc skeletons (D:9)
  A quokka skeleton (D:7)
  2 quokka zombies
  35 rats
  3 fungi (D:8)
236 creatures vanquished.

Vanquished Creatures (others)
  2 fungi (Lair:1)
2 creatures vanquished.

Grand Total: 238 creatures vanquished

Notes
Turn   | Place    | Note
--------------------------------------------------------------
     0 | D:1      | FortyThree the Halfling Assassin began the quest for the Orb.
     0 | D:1      | Reached XP level 1. HP: 14/14 MP: 1/1
   380 | D:1      | Reached XP level 2. HP: 19/19 MP: 2/2
   671 | D:2      | Reached XP level 3. HP: 20/24 MP: 3/3
   673 | D:2      | Reached skill level 5 in Stealth
   771 | D:2      | Reached XP level 4. HP: 27/29 MP: 4/4
   813 | D:2      | Found a burning altar of Makhleb.
   980 | D:2      | Became a worshipper of Makhleb the Destroyer
  1199 | D:2      | Found a shimmering altar of Xom.
  1232 | D:2      | Reached XP level 5. HP: 34/34 MP: 5/5
  1518 | D:2      | Reached skill level 5 in Short Blades
  1535 | D:2      | Reached skill level 6 in Stealth
  1848 | D:3      | Reached * piety under Makhleb
  1969 | D:3      | Found a glowing drain.
  1994 | Sewer    | Entered a sewer
  2012 | Sewer    | Reached XP level 6. HP: 36/40 MP: 6/6
  2057 | Sewer    | Noticed Purgy
  2066 | Sewer    | Killed Purgy
  2074 | Sewer    | Got a smelly chain mail
  2075 | Sewer    | Identified the +7 chain mail of Eplakk {+Fly rF+} (You found it in a sewer)
  2167 | D:3      | Reached skill level 7 in Stealth
  2255 | D:3      | Found a faded altar to an unknown god.
  2493 | D:3      | Reached ** piety under Makhleb
  2678 | D:3      | Found a radiant altar of Vehumet.
  2917 | D:4      | Reached XP level 7. HP: 32/46 MP: 7/7
  3906 | D:5      | Entered Level 5 of the Dungeon
  3913 | D:5      | Found a snail-covered altar of Cheibriados.
  4087 | D:5      | Found a bloodstained altar of Trog.
  4270 | D:5      | Reached skill level 8 in Stealth
  4391 | D:5      | Reached XP level 8. HP: 51/54 MP: 8/8
  4499 | D:5      | Found a blossoming altar of Fedhas.
  4622 | D:6      | Reached *** piety under Makhleb
  4785 | D:6      | Reached skill level 5 in Fighting
  4785 | D:6      | Reached skill level 9 in Stealth
  4837 | D:6      | Found a stormy altar of Qazlal.
  4868 | D:6      | Found an iron altar of Okawaru.
  5079 | D:6      | Found a deep blue altar of Sif Muna.
  5079 | D:6      | Noticed Menkaure
  5255 | D:6      | Found a staircase to the Ecumenical Temple.
  5435 | D:6      | Noticed Eustachio
  5442 | D:6      | Killed Eustachio
  5697 | D:6      | Killed Menkaure
  5837 | D:7      | Reached skill level 10 in Stealth
  5837 | D:7      | Reached XP level 9. HP: 61/61 MP: 9/9
  5968 | D:6      | Found a shattered altar of Ashenzari.
  5968 | D:6      | Found a white marble altar of Elyvilon.
  6106 | D:7      | Reached skill level 5 in Dodging
  6112 | D:7      | Reached **** piety under Makhleb
  6541 | D:7      | Noticed a spriggan baker
  6543 | D:7      | Killed a spriggan baker
  6543 | D:7      | Reached skill level 1 in Armour
  6543 | D:7      | Reached skill level 11 in Stealth
  6690 | D:8      | Found a staircase to the Lair.
  6889 | D:8      | Found an iron altar of Okawaru.
  7430 | D:8      | Reached XP level 10. HP: 66/66 MP: 10/10
  7584 | D:9      | Noticed a troll
  7591 | D:9      | Killed a troll
  7591 | D:9      | Reached skill level 12 in Stealth
  7640 | D:9      | Noticed a troll
  7646 | D:9      | Killed a troll
  7646 | D:9      | Reached skill level 5 in Armour
  7708 | D:9      | Found a glowing golden altar of the Shining One.
  7842 | D:9      | Reached ***** piety under Makhleb
  7855 | D:9      | Found an ancient bone altar of Kikubaaqudgha.
  7909 | D:10     | Entered Level 10 of the Dungeon
  7931 | D:10     | Found Cuduarom's Antique Weapon Emporium.
  8213 | D:10     | Noticed Urug
  8242 | D:10     | Reached skill level 13 in Stealth
  8292 | D:10     | HP: 2/68 [Urug/bardiche (14)]
  8622 | D:10     | Noticed a hill giant
  8741 | Lair:1   | Entered Level 1 of the Lair of Beasts
  8803 | Lair:1   | Noticed Nergalle
  8807 | Lair:1   | Killed Nergalle
  8837 | Lair:1   | Noticed a seven-headed hydra
  8842 | Lair:1   | Killed a seven-headed hydra
  8842 | Lair:1   | Reached XP level 11. HP: 72/75 MP: 11/11
  9354 | Lair:1   | Reached skill level 14 in Stealth
  9423 | Lair:1   | Noticed a six-headed hydra
  9682 | Lair:1   | HP: 1/77 [six-headed hydra (3)]
  9682 | Lair:1   | Mangled by a six-headed hydra

Action                   |  1- 3 |  4- 6 |  7- 9 | 10-12 || total
-------------------------+-------+-------+-------+-------++-------
Melee: Dagger            |    28 |   126 |   319 |   238 ||   711
 Fire: Blowgun           |       |     7 |    10 |    44 ||    61
  Use: Scroll            |       |     5 |     4 |     6 ||    15
       Potion            |       |       |       |     1 ||     1
 Stab: Sleeping          |    10 |    13 |    30 |    17 ||    70
       Distracted        |       |       |     1 |     5 ||     6
  Eat: Chunk             |       |     1 |    10 |     6 ||    17
       Bread ration      |       |     1 |     1 |       ||     2
       Fruit             |       |       |     1 |     1 ||     2
